Map: [ESL] Altitude

Players

Hoss

  • Race: Terran Terran
  • League: Silver
  • Spawn Location: 7:00

Cow (PiG) - Winner!

  • Race: Terran Terran
  • League: Grandmaster
  • Spawn Location: 1:00

VOD

https://www.youtube.com/playlist?list=PLOrKQEirgvjBrkg_LERyoNc_WYX2C2tgI

Description

Time

  • Played on: July 11, 2023, 7 p.m.
  • Length: 12:24
Show
View Real Time Build Order
Export as new Build Order

Hoss Terran 

Build Orders:  

Get SALT Encoding   

  12  0:01  SCV  
  13  0:13  SCV  
  14  0:18  Supply Depot  
  14  0:26  SCV  
  15  0:39  SCV  
  15  0:41  Barracks  
  16  0:45  Refinery  
  16  0:53  SCV  
  17  1:06  SCV  
  19  1:18  SCV  
  19  1:32  Supply Depot  
  19  1:34  Barracks Reactor  
  19  1:36  Orbital Command  
  19  1:51  Command Center  
  19  2:01  Supply Depot  
  19  2:03  SCV  
  20  2:16  Marine  
  20  2:19  Marine  
  20  2:21  SCV  
  23  2:26  Bunker  
  23  2:34  Marine  
  23  2:37  Factory, Marine  
  24  2:42  Refinery  
  24  2:43  SCV  
  26  2:56  Marine x2  
  28  3:01  SCV  
  28  3:03  Orbital Command  
  29  3:14  Marine x2  
  29  3:17  Supply Depot  
  31  3:20  SCV  
  31  3:24  Factory Tech Lab  
  31  3:33  SCV x2  
  33  3:37  Marine  
  33  3:39  Marine  
  35  3:45  SCV  
  35  3:47  Siege Tank  
  39  3:50  SCV  
  40  4:00  SCV  
  40  4:01  Marine x2  
  40  4:02  SCV  
  44  4:04  Starport  
  44  4:13  SCV  
  44  4:14  SCV  
  46  4:19  Siege Tank  
  46  4:21  Marine x2  
  51  4:25  SCV  
  51  4:30  Barracks  
  52  4:32  Supply Depot  
  52  4:36  Supply Depot  
  52  4:39  Marine x2  
  54  4:54  Refinery, Viking  
  54  4:56  Supply Depot  
  56  5:02  Siege Tank  
  56  5:05  SCV x2  
  61  5:08  Marine x2  
  63  5:16  Barracks  
  63  5:17  SCV x2  
  63  5:20  Engineering Bay  
  65  5:24  Barracks Tech Lab  
  65  5:43  SCV x2  
  65  5:49  Refinery  
  67  5:55  SCV  
  68  5:58  Supply Depot  
  68  6:00  Starport Reactor  
  68  6:01  Supply Depot  
  68  6:02  Terran Infantry Weapons Level 1  
  68  6:03  Stimpack  
  68  6:04  Marine x3  
  68  6:06  Barracks Reactor  
  68  6:08  SCV  
  68  6:10  SCV  
  73  6:21  Supply Depot, Marine, SCV  
  73  6:22  Marine x2, Siege Tank, SCV  
  73  6:24  Supply Depot  
  79  6:33  SCV  
  80  6:40  Medivac x2  
  80  6:43  Marine x2  
  86  6:47  SCV  
  86  6:48  SCV  
  86  6:53  Supply Depot  
  88  6:54  Siege Tank  
  88  6:55  Supply Depot  
  88  6:59  SCV  
  88  7:00  SCV  
  93  7:03  Marine  
  93  7:04  Marine  
  95  7:09  Medivac  
  95  7:10  Medivac  
  95  7:11  Barracks  
  95  7:13  Barracks  
  99  7:18  Supply Depot  
  99  7:21  Supply Depot  
  99  7:22  Marine x2, Marauder  
  101  7:23  Marine x2  
  105  7:39  Medivac  
  105  7:40  Medivac  
  111  7:44  Marauder  
  111  7:52  Combat Shield  
  111  8:07  SCV  
  111  8:08  SCV  
  113  8:13  Command Center  
  113  8:14  Marauder  
  113  8:16  Medivac x2  
  113  8:19  Barracks Tech Lab, SCV  
  120  8:20  SCV  
  120  8:21  Barracks Reactor  
  121  8:31  SCV  
  121  8:32  SCV  
  100  8:44  SCV x2  
  100  8:46  Medivac  
  93  8:52  Marine  
  93  8:53  Marauder x2, Marine x3  
  93  8:54  Siege Tank  
  98  8:55  Medivac  
  98  8:56  SCV x2  
  100  9:09  SCV x2  
  102  9:10  Marine x2  
  104  9:21  SCV x2  
  106  9:26  Siege Tank  
  106  9:28  Command Center, Supply Depot  
  106  9:29  Supply Depot  
  106  9:31  Supply Depot x3  
  109  9:33  SCV  
  110  9:40  Orbital Command  
  110  9:41  Marine x3  
  110  9:42  Marine  
  110  9:44  Marine  
  110  9:45  Marine  
  116  9:47  Medivac  
  118  9:53  SCV x2  
  118  9:55  Engineering Bay  
  118  9:59  Siege Tank  
  123  10:05  SCV x2  
  125  10:17  SCV  
  126  10:31  Siege Tank  
  126  10:34  Viking x2  
  133  10:37  Marine, Marauder  
  133  10:38  Marine, Marauder  
  129  11:03  Siege Tank  
  129  11:04  Viking x2  
  126  11:13  Marine  
  126  11:14  Marine x6  
  125  11:32  Marine x6  
  94  11:49  Marine x4  
  92  11:50  Marine  
Show
View Real Time Build Order
Export as new Build Order

Cow Terran - Winner!

Build Orders:  

Get SALT Encoding   

  12  0:00  SCV  
  13  0:12  SCV  
  14  0:17  Supply Depot  
  14  0:25  SCV  
  15  0:39  SCV  
  15  0:41  Barracks  
  16  0:45  Refinery  
  16  0:51  SCV  
  17  1:03  SCV  
  18  1:15  SCV  
  19  1:29  Orbital Command  
  19  1:31  Barracks Reactor  
  19  1:47  Command Center  
  19  2:00  SCV  
  20  2:09  Marine, Supply Depot  
  20  2:10  Marine  
  20  2:12  SCV  
  23  2:29  Factory  
  23  2:30  Marine  
  23  2:31  SCV  
  25  2:38  Refinery  
  25  2:43  Marine, SCV  
  27  2:48  Marine  
  28  2:55  SCV  
  29  3:01  Marine  
  30  3:06  Marine  
  30  3:07  SCV  
  30  3:12  Orbital Command  
  32  3:18  Marine  
  33  3:24  Starport  
  33  3:25  Factory Tech Lab  
  33  3:33  SCV  
  34  3:34  Marine  
  34  3:36  Marine  
  34  3:38  SCV  
  37  3:45  SCV  
  38  3:50  SCV  
  38  3:52  Marine  
  38  3:53  Siege Tank  
  38  3:54  Marine  
  44  3:57  SCV  
  44  4:00  Supply Depot x2  
  45  4:03  SCV  
  46  4:21  Marine x2, SCV x2  
  46  4:22  Viking  
  46  4:23  Supply Depot x2  
  52  4:33  SCV  
  53  4:45  Supply Depot  
  53  4:48  SCV x2  
  53  4:50  Marine x2  
  53  4:51  Siege Tank  
  60  4:53  Starport Reactor  
  60  4:56  Supply Depot  
  60  5:00  SCV x2  
  62  5:07  Marine  
  62  5:12  SCV x2  
  65  5:21  Barracks  
  65  5:24  Barracks, SCV x2  
  65  5:28  Barracks  
  67  5:31  Barracks  
  67  5:36  SCV  
  66  5:44  SCV  
  66  5:45  Marine x2  
  66  5:46  Siege Tank  
  66  5:47  Medivac x2  
  66  5:48  SCV  
  77  5:51  Engineering Bay  
  77  5:54  Refinery  
  77  5:55  Refinery, Supply Depot  
  77  5:56  SCV, Supply Depot  
  78  6:00  SCV  
  78  6:03  Marine  
  80  6:19  Supply Depot  
  80  6:21  Supply Depot  
  80  6:22  Terran Infantry Weapons Level 1  
  80  6:25  Barracks Tech Lab x2  
  80  6:26  Barracks Reactor x2  
  80  6:27  Marine x2  
  80  6:28  Siege Tank  
  80  6:29  Medivac  
  87  6:45  Marine  
  87  6:46  Supply Depot  
  88  6:49  Supply Depot  
  88  6:51  Stimpack  
  88  6:52  Combat Shield  
  88  6:56  Marauder  
  88  6:59  Marauder  
  88  7:00  Marine  
  93  7:02  Marine x3  
  93  7:03  Marine x2  
  98  7:16  Siege Tank  
  98  7:18  Marauder, Marine  
  98  7:19  Marine  
  98  7:20  Marine  
  98  7:21  Marauder  
  108  7:23  Supply Depot x2  
  108  7:56  Marauder  
  108  7:57  Marauder, Marine x6  
  118  8:02  Siege Tank  
  121  8:09  Medivac x2  
  121  8:11  Concussive Shells  
  125  8:14  Marine  
  125  8:15  Marine x5  
  125  8:18  Marauder x2, Supply Depot x2  
  135  8:32  Marine x2  
  135  8:33  Marine  
  138  8:34  Siege Tank  
  138  8:39  Medivac, Marauder  
  83  9:06  Marauder  
  83  9:07  Marauder, Marine x6  
  83  9:09  Siege Tank  
  96  9:13  Medivac  
  98  9:17  Medivac  
  100  9:25  Marine x6  
  100  9:28  Marauder x2  
  110  9:39  Terran Infantry Armor Level 1  
  110  9:41  Siege Tank  
  110  9:43  Marine x6  
  119  9:49  Marauder x2  
  123  10:00  Marine  
  123  10:01  Marine x5  
  129  10:10  Marine x2  
  131  10:18  Marine  
  131  10:20  Marine x5  
  137  10:27  Siege Tank  
  142  10:28  Marauder  
  142  10:29  Marauder  
  142  10:31  Medivac  
  142  10:35  Medivac  
  148  10:36  Marine  
  148  10:38  Marine x5  
  156  10:50  Marauder x2  
  156  10:54  Marine  
  156  11:11  Marauder  
Tags
 
Add a new tag
Caveats
  • Supply blocks, unpowered buildings, or Contaminate may cause inaccurate times.
  • Supply counts are checked every 10 seconds.